Map: Prion Terraces

Players

AcerBly (Bly)

  • Race: Zerg Zerg

Chris (MCanning) - Winner!

  • Race: Protoss Protoss
  • League: Grandmaster

Event: Gauntlet LotV Series 1 Qualifier 1

VOD

Have the link to the VOD?

Description

Time

  • Played on: Nov. 22, 2015, 4:29 p.m.
  • Length: 11:11

All games in this series

Show
View Real Time Build Order
Export as new Build Order

AcerBly Zerg 

Build Orders: Hatch First 

Get SALT Encoding   

  12  0:01  Drone  
  13  0:13  Drone  
  14  0:19  Overlord  
  14  0:28  Extractor  
  14  0:29  Drone  
  15  0:39  Drone x2  
  17  0:46  Drone  
  18  1:00  Drone  
  18  1:01  Hatchery  
  18  1:03  Extractor  
  17  1:15  Spawning Pool  
  17  1:17  Drone  
  17  1:20  Drone  
  18  1:31  Drone  
  19  1:39  Overlord  
  19  2:01  Queen  
  19  2:03  Zergling x4  
  23  2:09  Metabolic Boost  
  23  2:11  Zergling x2  
  23  2:13  Queen  
  23  2:14  Zergling x2  
  27  2:36  Drone x3  
  30  2:37  Drone  
  31  2:46  Overlord  
  31  2:50  Evolution Chamber, Drone  
  30  3:04  Drone x2  
  31  3:12  Drone x5  
  36  3:17  Zerg Melee Weapons Level 1  
  36  3:27  Overlord  
  35  3:34  Zergling x2  
  35  3:35  Zergling x10  
  41  3:45  Zergling x6  
  44  3:48  Hatchery  
  44  3:50  Drone x2  
  45  4:01  Drone x2  
  47  4:05  Roach Warren, Extractor  
  45  4:15  Overlord  
  45  4:22  Zergling x14  
  48  4:34  Drone x2  
  47  4:41  Drone  
  47  4:47  Drone x2  
  47  4:48  Lair  
  47  4:52  Queen  
  51  5:03  Drone  
  51  5:04  Drone x4  
  51  5:05  Overlord x2  
  56  5:13  Roach  
  57  5:15  Overlord x2  
  57  5:30  Roach x7  
  71  5:38  Roach x3  
  77  5:47  Zerg Melee Weapons Level 2  
  76  5:50  Drone x5  
  76  5:51  Extractor  
  76  5:54  Zergling x10  
  84  5:57  Glial Reconstitution  
  84  6:03  Spore Crawler  
  83  6:05  Overseer  
  83  6:14  Zergling x2  
  83  6:15  Zergling x10  
  89  6:20  Overlord  
  89  6:26  Overlord  
  89  6:33  Hatchery  
  89  6:36  Overlord x2  
  89  6:37  Drone  
  89  6:38  Extractor  
  88  6:40  Drone x4  
  88  6:41  Drone x2  
  94  6:50  Overlord x2  
  94  6:54  Overlord x2  
  94  6:59  Extractor x2  
  92  7:02  Spire  
  92  7:06  Roach x8  
  107  7:10  Drone x4  
  111  7:21  Overlord  
  111  7:23  Drone x4  
  111  7:24  Drone, Spine Crawler  
  115  7:35  Zergling x2  
  115  7:36  Zergling x8  
  102  7:51  Ravager  
  102  7:55  Drone  
  102  7:56  Drone x7  
  106  8:11  Roach x9  
  122  8:14  Ravager x8  
  122  8:19  Roach  
  132  8:23  Roach  
  132  8:24  Roach x8  
  151  8:29  Overlord  
  151  8:30  Extractor  
  151  8:31  Extractor  
  147  8:58  Overseer x2  
  147  9:00  Overlord  
  145  9:12  Overlord  
  145  9:19  Hatchery  
  145  9:20  Overlord x2  
  145  9:21  Overlord  
  145  9:23  Drone x7  
  151  9:24  Spore Crawler  
  151  9:25  Spine Crawler  
  151  9:27  Spine Crawler  
  151  9:28  Spine Crawler  
  147  9:32  Overlord  
  147  9:36  Hatchery, Extractor  
  145  9:39  Overlord  
  144  9:58  Spine Crawler  
  144  9:59  Drone x2, Spine Crawler  
  130  10:09  Spine Crawler  
  130  10:10  Spine Crawler x2  
  130  10:12  Mutalisk x7  
  130  10:13  Mutalisk x3  
  113  10:33  Mutalisk x2  
  113  10:34  Mutalisk  
  112  10:36  Zergling x12  
  96  10:49  Zergling x6  
  87  10:51  Zergling x2  
  87  10:56  Overseer  
Show
View Real Time Build Order
Export as new Build Order

Chris Protoss - Winner!

Build Orders: Nexus First 

Get SALT Encoding   

  12  0:00  Probe (Chrono Boost)  
  13  0:11  Probe (Chrono Boost)  
  14  0:19  Pylon  
  14  0:22  Probe (Chrono Boost)  
  15  0:37  Probe (Chrono Boost)  
  16  0:48  Probe (Chrono Boost)  
  17  0:57  Nexus  
  17  1:08  Gateway  
  17  1:11  Probe (Chrono Boost)  
  18  1:21  Probe (Chrono Boost)  
  18  1:22  Assimilator  
  19  1:27  Assimilator  
  19  1:32  Probe (Chrono Boost)  
  20  1:42  Probe (Chrono Boost)  
  20  1:44  Pylon  
  21  1:53  Probe (Chrono Boost)  
  22  2:02  Cybernetics Core  
  22  2:03  Probe (Chrono Boost)  
  22  2:07  Zealot  
  25  2:10  Probe (Chrono Boost)  
  25  2:14  Probe (Chrono Boost)  
  27  2:21  Probe (Chrono Boost)  
  28  2:24  Probe (Chrono Boost)  
  29  2:31  Probe (Chrono Boost)  
  29  2:35  Probe (Chrono Boost)  
  31  2:41  Stalker  
  31  2:42  Mothership Core (Chrono Boost)  
  35  2:45  Probe (Chrono Boost)  
  35  2:47  Warp Gate  
  36  2:56  Probe (Chrono Boost)  
  37  3:08  Pylon  
  37  3:16  Pylon  
  37  3:19  Probe (Chrono Boost)  
  38  3:23  Sentry (Chrono Boost), Probe (Chrono Boost)  
  41  3:28  Gateway  
  41  3:29  Gateway  
  41  3:30  Probe  
  41  3:35  Probe (Chrono Boost)  
  42  3:43  Probe (Chrono Boost)  
  42  3:45  Robotics Facility  
  42  3:46  Sentry (Chrono Boost)  
  42  3:48  Probe (Chrono Boost)  
  46  3:56  Gateway, Probe (Chrono Boost)  
  46  3:59  Probe (Chrono Boost)  
  48  4:06  Probe (Chrono Boost)  
  48  4:09  Probe (Chrono Boost)  
  50  4:17  Probe (Chrono Boost)  
  50  4:20  Probe (Chrono Boost)  
  52  4:28  Probe (Chrono Boost)  
  52  4:30  Probe (Chrono Boost)  
  54  4:38  Probe (Chrono Boost), Observer (Chrono Boost)  
  54  4:39  Assimilator  
  54  4:44  Probe (Chrono Boost)  
  55  4:47  Assimilator  
  55  4:48  Probe (Chrono Boost)  
  55  4:49  Pylon  
  56  4:54  Sentry x2, Forge  
  56  4:55  Pylon  
  56  4:56  Stalker  
  62  5:03  Pylon  
  62  5:05  Probe  
  65  5:07  Warp Prism (Chrono Boost)  
  65  5:10  Robotics Bay  
  65  5:16  Probe  
  66  5:21  Twilight Council  
  66  5:22  Zealot x2  
  66  5:23  Zealot x2  
  73  5:35  Observer (Chrono Boost), Protoss Ground Weapons Level 1 (Chrono Boost)  
  73  5:40  Probe x2  
  76  5:52  Probe x2  
  76  5:55  Nexus  
  76  5:56  Pylon  
  78  5:58  Pylon  
  78  5:59  Disruptor (Chrono Boost), Blink (Chrono Boost)  
  81  6:04  Probe  
  83  6:11  Probe  
  83  6:13  Pylon  
  83  6:17  Photon Cannon  
  83  6:19  Gateway  
  83  6:21  Zealot x2  
  87  6:32  Gateway  
  87  6:34  Disruptor (Chrono Boost)  
  87  6:35  Probe  
  87  6:37  Dark Shrine  
  91  6:46  Zealot x2  
  95  6:50  Probe  
  95  6:54  Probe  
  96  7:01  Stalker x2  
  96  7:02  Probe  
  96  7:05  Disruptor (Chrono Boost)  
  104  7:19  Gateway  
  104  7:20  Probe  
  104  7:22  Gateway, Assimilator  
  105  7:23  Gateway  
  105  7:24  Probe  
  105  7:26  Assimilator  
  106  7:30  Stalker x2  
  106  7:34  Probe, Disruptor (Chrono Boost)  
  114  7:44  Probe  
  113  7:48  Zealot x4  
  113  7:50  Probe, Protoss Ground Weapons Level 2 (Chrono Boost)  
  121  7:58  Stalker x2  
  121  8:04  Pylon  
  125  8:06  Pylon  
  125  8:10  Pylon  
  125  8:15  Pylon  
  125  8:22  Probe x2  
  125  8:23  Probe  
  124  8:35  Probe x3  
  124  8:40  Disruptor  
  118  8:42  Dark Templar x2  
  118  8:44  Dark Templar x3  
  118  8:47  Probe  
  115  8:57  Stalker x3  
  115  8:58  Probe  
  121  9:03  Photon Cannon x2  
  124  9:19  Warp Prism  
  124  9:20  Stalker x3  
  124  9:21  Stalker  
  126  9:32  Nexus  
  126  9:33  Pylon  
  126  9:35  Adept x5  
  134  9:40  Pylon  
  134  9:50  Dark Templar x3  
  140  9:56  Zealot x2  
  140  9:57  Zealot x3  
  148  10:07  Zealot  
  148  10:11  Probe  
  147  10:15  Probe  
  147  10:17  Zealot  
  146  10:27  Probe  
  146  10:28  Probe  
  134  10:29  Probe  
  134  10:31  Stalker  
  134  10:32  Stalker x5  
  148  10:38  Probe  
  148  10:39  Probe  
  148  10:42  Pylon  
  150  10:43  Pylon  
  150  10:48  Pylon, Photon Cannon  
  150  10:49  Zealot x3  
  150  10:57  Dark Templar x3  
  150  11:02  Archon  
Tags
 
Add a new tag
Caveats
  • Supply blocks, unpowered buildings, or Contaminate may cause inaccurate times.
  • Supply counts are checked every 10 seconds.